 Dungeon Crawl Stone Soup version 0.27-a0-1136-g0b992a5a9d (webtiles) character file.

Game seed: 13034958576616946396

2807 leviel the Cleaver (level 9, -1/86 HPs)
             Began as a Minotaur Berserker on May 5, 2021.
             Was an Elder of Trog.
             Slain by a two-headed ogre
             ... wielding a +0 giant spiked club
              (25 damage)
             ... on level 8 of the Dungeon.
             The game lasted 00:07:40 (7625 turns).

leviel the Cleaver (Minotaur Berserker)             Turns: 7625, Time: 00:07:41

Health: -1/86      AC:  6    Str: 28    XL:     9   Next: 44%
Magic:  17/17      EV:  8    Int:  4    God:    Trog [****..]
Gold:   351        SH:  9    Dex: 16    Spells: 8/8 levels left

rFire    x . .     SeeInvis .   o - +9 hand axe "Todiosk" {vamp, *Slow rN+ Str+3}
rCold    . . .     Faith    .   c - +1 kite shield
rNeg     + + +     Spirit   .   g - +0 scale mail
rPois    .         Reflect  .   (helmet restricted)
rElec    .         Harm     .   (no cloak)
rCorr    .         Rampage  .   (no gloves)
Will     +++..                  (no boots)
Stlth    ..........             (no amulet)
HPRegen  0.24/turn              j - +6 ring of dexterity
MPRegen  0.15/turn              k - ring of Cefog {rF- rN++ Will+++ MP+9}

@: on berserk cooldown, slowed, very slow
A: horns 2, retaliatory headbutt
a: Renounce Religion, Berserk, Trog's Hand, Brothers in Arms


You were on level 8 of the Dungeon.
You worshipped Trog.
Trog was greatly pleased with you.
You visited 1 branch of the dungeon, and saw 10 of its levels.

You collected 351 gold pieces.

Inventory:

Hand Weapons
 b - a +0 war axe
 o - the +9 hand axe "Todiosk" (weapon) {vamp, *Slow rN+ Str+3}
   (You took it off an orc wizard on level 4 of the Dungeon)

   It inflicts no extra harm, but heals its wielder when it wounds a living foe.
   It affects your strength (+3).
   It protects you from negative energy.
   It may slow you when you take damage.
Armour
 c - a +1 kite shield (worn)
 g - a +0 scale mail (worn)
 y - a +0 plate armour
Jewellery
 j - a +6 ring of dexterity (left hand)
 k - the ring of Cefog (right hand) {rF- rN++ Will+++ MP+9}
   (You found it on level 5 of the Dungeon)

   [ring of magical power]

   It makes you vulnerable to fire.
   It greatly protects you from negative energy.
   It affects your magic capacity (+9).
   It greatly increases your willpower.
 r - a +4 ring of protection
 z - a +6 ring of dexterity
Wands
 t - a wand of mindburst (7)
 w - a wand of charming (10)
 B - a wand of flame (20)
Scrolls
 d - 2 scrolls of fear {unknown}
 e - a scroll of silence
 h - a scroll of enchant armour
 i - 4 scrolls of amnesia {unknown}
 l - 9 scrolls of identify
 n - 3 scrolls of teleportation
 p - 2 scrolls of summoning {unknown}
 u - a scroll of enchant weapon {unknown}
 v - a scroll of fog
Potions
 a - 3 potions of curing {unknown}
 f - a potion of heal wounds
 m - 3 potions of haste
 q - 3 potions of lignification {unknown}
 s - 2 potions of resistance {unknown}
 x - a potion of attraction {unknown}
 A - a potion of magic {unknown}
 C - a potion of degeneration {unknown}


   Skills:
 + Level 10.7 Fighting
 * Level 11.9 Axes
 - Level 2.4 Armour
 - Level 2.6 Dodging


You had 8 spell levels left.
You didn't know any spells.
Your spell library was empty.

Dungeon Overview and Level Annotations

Branches:
Dungeon (10/15)            Temple (0/1) D:7
   Lair: D:8-11         Orc: D:9-12

Altars:
Cheibriados
Elyvilon
Kikubaaqudgha
Makhleb
Qazlal
Trog
Uskayaw
Xom
The Shining One

Shops:
D:8 ?


Innate Abilities, Weirdness & Mutations

You have a pair of horns on your head.
You reflexively headbutt those who attack you in melee.


Message History

Items here: (( )).
A two-headed ogre comes into view.
It is wielding a +0 giant spiked club and a +0 giant club.
Items here: (( )).
A two-headed ogre is nearby!
A red film seems to cover your vision as you go berserk!
You feel yourself moving faster!
You feel mighty!
You feel a strong urge to attack something.
Items here: (( )).
Found an escape hatch in the floor.
You feel your anger nearly subside.
You are no longer berserk.
You are exhausted.
You feel yourself slow down.
You hit the two-headed ogre.
Your headbutt misses the two-headed ogre.
The two-headed ogre is lightly wounded.
The two-headed ogre hits you with a +0 giant spiked club!!
The two-headed ogre barely misses you.
You slash the two-headed ogre!
The two-headed ogre is heavily wounded.
The two-headed ogre hits you with a +0 giant spiked club!
The two-headed ogre barely misses you.
You barely miss the two-headed ogre.
The two-headed ogre is heavily wounded.
The two-headed ogre closely misses you. You furiously retaliate!
You headbutt the two-headed ogre! The two-headed ogre barely misses you.
You barely miss the two-headed ogre. You headbutt the two-headed ogre.
The two-headed ogre is severely wounded.
You block the two-headed ogre's attack. x2
You hit the two-headed ogre.
The two-headed ogre is severely wounded.
The two-headed ogre hits you with a +0 giant spiked club!
You block the two-headed ogre's attack.
The two-headed ogre hits you with a +0 giant spiked club!
The two-headed ogre hits you with a +0 giant club!
* * * LOW HITPOINT WARNING * * *
You slash the two-headed ogre!
You feel better.
You headbutt the two-headed ogre.
The two-headed ogre is almost dead.
The two-headed ogre hits you with a +0 giant spiked club!!
You die...

#....#+####..<......#
#....# #.........####
#...)#.####.........#...
#..))#..................
#....####...............
.....# #..............
.....####.....(.....#.
#............)(.....#.##
#....#####..)((.@O.....#
.....# #.?...........#
...### #?......∩?...>.
...# #..............
...# #..............
...# #.....#+###....
.### ####### ####


You could see a two-headed ogre.

Vanquished Creatures
  A two-headed ogre (D:10)
  A water moccasin (D:7)
  A sky beast (D:4)
  An orc warrior (D:7)
  A black bear (D:5)
  4 ogres
  2 necrophages (D:5)
  2 centaurs
  2 kobold brigands (D:8)
  A bullfrog (D:7)
  2 scorpions
  A howler monkey (D:6)
  2 bullfrog zombies
  3 orc priests
  2 hounds (D:5)
  A gnoll shaman (D:8)
  2 centaur skeletons
  3 iguanas
  4 orc wizards
  A killer bee zombie (D:9)
  A hound zombie (D:4)
  A hound skeleton (D:4)
  A howler monkey skeleton (D:7)
  4 gnolls
  8 adders
  An ufetubus (D:6)
  2 adder zombies (D:4)
  An adder skeleton (D:5)
  5 dart slugs
  18 orcs
  4 bats
  2 bat zombies (D:4)
  6 endoplasms
  4 giant cockroaches
  3 hobgoblins
  3 jackals
  11 kobolds
  2 quokkas (D:4)
  6 ball pythons
  2 frilled lizards
  14 goblins
  6 rats
  3 rat zombies (D:4)
145 creatures vanquished.

Vanquished Creatures (others)
  5 fungi (D:8)
  4 plants (D:8)
  4 withered plants (D:4)
13 creatures vanquished.

Grand Total: 158 creatures vanquished

Notes
Turn   | Place    | Note
-------+----------+-------------------------------------------
     0 | D:1      | leviel the Minotaur Berserker began the quest for the Orb.
     0 | D:1      | Reached XP level 1. HP: 19/19 MP: 0/0
    98 | D:1      | Reached XP level 2. HP: 25/27 MP: 1/1
   213 | D:1      | Reached skill level 4 in Axes
   801 | D:2      | Reached XP level 3. HP: 30/33 MP: 2/2
   877 | D:2      | Reached ** piety under Trog
  2101 | D:3      | Found a faded altar of an unknown god.
  2644 | D:4      | Reached XP level 4. HP: 31/41 MP: 3/3
  2723 | D:4      | Found a shimmering altar of Xom.
  2756 | D:4      | Found a bloodstained altar of Trog.
  2770 | D:4      | Reached skill level 5 in Fighting
  2770 | D:4      | Reached skill level 5 in Axes
  2835 | D:4      | Noticed a sky beast
  2842 | D:4      | Killed a sky beast
  2843 | D:4      | Reached XP level 5. HP: 50/50 MP: 4/4
  3031 | D:4      | Reached skill level 6 in Axes
  3417 | D:4      | Reached XP level 6. HP: 51/57 MP: 5/5
  4044 | D:5      | Entered Level 5 of the Dungeon
  4044 | D:5      | Found a snail-covered altar of Cheibriados.
  4201 | D:5      | Found a glowing golden altar of the Shining One.
  4224 | D:5      | Reached skill level 7 in Axes
  4224 | D:5      | Reached XP level 7. HP: 43/66 MP: 6/6
  4529 | D:5      | Found a white marble altar of Elyvilon.
  4585 | D:5      | Found a hide-covered altar of Uskayaw.
  4587 | D:5      | Noticed a +0 hand axe
  4587 | D:5      | Noticed a +0 hand axe
  4608 | D:5      | Reached skill level 8 in Axes
  4680 | D:5      | Reached *** piety under Trog
  4820 | D:5      | Identified the ring of Cefog {rF- rN++ Will+++ MP+9}
  5182 | D:4      | Found a burning altar of Makhleb.
  5183 | D:4      | Identified the +9 hand axe "Todiosk" {vamp, *Slow rN+
                  | Str+3}
  5183 | D:4      | Identified the +1 leather armour "Earthly Heaven" {rCorr
                  | Int+4 Slay+2}
  5191 | D:4      | Reached XP level 8. HP: 75/75 MP: 7/7
  5234 | D:4      | Found a stormy altar of Qazlal.
  5361 | D:4      | Found an ancient bone altar of Kikubaaqudgha.
  5674 | D:6      | Reached skill level 9 in Axes
  6512 | D:7      | Found a staircase to the Ecumenical Temple.
  6544 | D:7      | Reached skill level 10 in Axes
  6560 | D:7      | You fall into a shaft and drop 3 floors!
  6560 | D:10     | Entered Level 10 of the Dungeon
  6660 | D:10     | Noticed a two-headed ogre
  6668 | D:10     | Killed a two-headed ogre
  6669 | D:10     | Reached skill level 10 in Fighting
  6669 | D:10     | Reached skill level 11 in Axes
  6669 | D:10     | Reached XP level 9. HP: 32/86 MP: 8/8
  7084 | D:8      | Found Copaacki's Magic Scroll Emporium.
  7091 | D:8      | Reached **** piety under Trog
  7615 | D:8      | Noticed a two-headed ogre
  7625 | D:8      | Slain by a two-headed ogre

Illustrated notes

Levels and vault maps discovered:
D:1:      roderic_chinese_lattice_arrival, layout_basic
D:2:      layout_loops_ring
D:3:      layout_rooms, shapermc_ecumenical_altar_mp_ritualfount,
          serial_co_window_serial, co_window_paths_a,
          co_window_of_opportunity_a, co_window_cross_1, co_window_corner_a,
          co_window_paths_a, co_window_corner_b, co_window_corner_cb,
          co_window_unsneaky_path_d, co_window_corner_b, co_window_paths_c,
          co_window_broadway_b, co_window_4corner_b, glass_columns_a,
          chequers_serial_rivers_micro_b, grunt_decor_cap
D:4:      minmay_razor_zed, layout_gridville, lemuel_zombie_altar_kikubaaqudgha,
          nicolae_overflow_hidden_temple, lemuel_round_altar, bloody_makhleb,
          lemuel_round_altar, serial_undead, serial_undead_e, serial_undead_a,
          serial_undead_e, serial_undead_a, serial_undead_b, minmay_cut_off
D:5:      layout_loops_ring, elyvilon_altar_3, cheibriados_altar_1, tso_altar,
          dancing_weapons_uskayaw
D:6:      layout_loops_cross, hellmonk_bongcloud_opening
D:7:      layout_basic, temple_statues, enter_bailey_3
D:8:      layout_basic, grunt_lair_entry_orc_guard_hut, serial_shops, shop
D:9:      layout_basic, minmay_overflow_temple_star_quad,
          chequers_serial_rivers_large_a
D:10:     layout_basic, minmay_ruffians

Skill      XL: |  1  2  3  4  5  6  7  8 |
---------------+-------------------------+-----
Fighting       | 4 5 6 7 8 10 | 10.7
Axes           | 4 5 6 7 8 11 | 11.9
Armour         | |  2.4
Dodging        | |  2.6

Action                   |  1- 3 |  4- 6 |  7- 9 || total
-------------------------+-------+-------+-------++-------
Melee: Hand axe          |    78 |    72 |    97 ||   247
       Headbutt          |    12 |    18 |    42 ||    72
       War axe           |       |     6 |    54 ||    60
Invok: Berserk           |       |     1 |     4 ||     5
  Use: Scroll            |       |     9 |       ||     9
       Potion            |       |     3 |       ||     3
Armor: Animal skin       |    13 |       |       ||    13
       Leather armour    |       |    11 |       ||    11
       Scale mail        |       |     7 |    42 ||    49
Dodge: Dodged            |    40 |    23 |    47 ||   110
Block: Kite shield       |    23 |    34 |    80 ||   137

Table legend: (Time is in decaauts)
 A = Elapsed time spent in this place.
 B = Non-inter-level travel time spent in this place.
 C = Inter-level travel time spent in this place.
 D = Time resting spent in this place.
 E = Time spent auto-exploring this place.
 F = Levels seen in this place.
 G = Mean time per level.
                   A        B        C        D        E       F      G
               +--------+--------+--------+--------+--------+-----+--------+
         Total |   7724 |   7345 |    379 |   1210 |   5281 |  10 |  772.4 |
       Dungeon |   7724 |   7345 |    379 |   1210 |   5281 |  10 |  772.4 |
               +--------+--------+--------+--------+--------+-----+--------+

Top non-repeatable levels by time:
     D:4: 1772 daAuts
     D:5: 1139 daAuts
     D:3: 1017 daAuts
     D:2: 868 daAuts
     D:7: 813 daAuts
     D:1: 768 daAuts
     D:6: 744 daAuts
    D:10: 477 daAuts
     D:8: 101 daAuts
     D:9: 22 daAuts
